 Dungeon Crawl Stone Soup version 0.31-a0-1-g4198be8af4 (webtiles) character file.

Game seed: 4593132808843243127

100326 Demonidze the Tortoise (level 15, -5/151 HPs)
             Began as a Minotaur Berserker on May 1, 2023.
             Was a High Priest of Trog.
             Slain by an alligator (7 damage)
             ... on level 1 of the Swamp on May 3, 2023.
             The game lasted 03:23:02 (26090 turns).

Demonidze the Tortoise (Minotaur Berserker)        Turns: 26090, Time: 03:23:05

Health: -5/151     AC: 32    Str: 30    XL:     15   Next: 80%
Magic:  4/4        EV: 10    Int:  4    God:    Trog [*****.]
Gold:   1074       SH:  0    Dex: 11    Spells: 14/14 levels left

rFire   . . .        x - +7 executioner's axe "Ugaffano" {antimagic, rC+ Str+2}
rCold   + + .        (shield currently unavailable)
rNeg    . . .        i - +0 shadow dragon scales
rPois   +            P - +2 hat {SInv}
rElec   .            D - +2 cloak {rPois}
rCorr   .            W - +2 pair of gloves
SInv    +            A - +0 pair of boots
Will    ++++.        w - amulet of regeneration
Stlth   ++           R - ring of protection from cold
HPRegen 2.25/turn    a - ring of willpower
MPRegen 0.09/turn

%: no passive effects
@: strong-willed, on berserk cooldown, regenerating, slowed, studying Armour,
very slow
A: horns 2, retaliatory headbutt
a: Renounce Religion, Berserk, Trog's Hand, Brothers in Arms


You were on level 1 of the Swamp.
You worshipped Trog.
Trog was extremely pleased with you.
You visited 4 branches of the dungeon, and saw 23 of its levels.

You collected 2230 gold pieces.
You spent 1156 gold pieces at shops.

Inventory:

Hand Weapons
 d - the +4 broad axe of the Pariah {freeze, Str+3}
   (You acquired it on level 14 of the Dungeon)

   Str:       It affects your strength (+3).
 x - the +7 executioner's axe "Ugaffano" (weapon) {antimagic, rC+ Str+2}
   (You acquired it on level 4 of the Lair of Beasts)

   Str:       It affects your strength (+2).
   rC:        It protects you from cold.
 y - a +3 battleaxe of flaming
 H - a +4 flail
 Q - a +2 vampiric broad axe
 T - a +1 war axe of flaming
 U - a +6 broad axe of chaos
Armour
 i - +0 shadow dragon scales (worn)
 m - a +1 plate armour of fire resistance
 p - a +2 buckler of reflection
 A - a +0 pair of boots (worn)
 D - a +2 cloak of poison resistance (worn)
 J - a +8 chain mail of ponderousness
 P - a +2 hat of see invisible (worn)
 W - a +2 pair of gloves (worn)
 X - a +1 kite shield of protection
Jewellery
 a - a ring of willpower (right hand)
 g - a +6 ring of dexterity
 n - a ring of protection from cold
 w - an amulet of regeneration (around neck)
 B - a ring of protection from fire
 L - a +6 ring of intelligence
 R - a ring of protection from cold (left hand)
Wands
 b - a wand of roots (27)
 q - a wand of mindburst (15)
 v - a wand of polymorph (4)
 N - a wand of light (16)
 O - a wand of flame (13)
 Z - a wand of digging (7)
Scrolls
 f - 7 scrolls of fear
 h - a scroll of summoning
 t - 5 scrolls of blinking
 E - 5 scrolls of enchant weapon
 G - 10 scrolls of teleportation
 I - 2 scrolls of poison
 M - 5 scrolls of fog
 V - a scroll of silence
Potions
 c - 4 potions of berserk rage
 e - 14 potions of curing
 j - 7 potions of heal wounds
 k - 5 potions of haste
 o - 4 potions of cancellation
 s - 4 potions of invisibility {unknown}
 u - 3 potions of resistance (quivered)
 z - 2 potions of might
 C - 2 potions of brilliance {unknown}
 F - a potion of magic {unknown}
 K - 2 potions of ambrosia {unknown}
 S - 2 potions of flight
Miscellaneous
 Y - a box of beasts


   Skills:
 + Level 18.9 Fighting
 + Level 18.8 Axes
 + Level 19.5 Armour
 - Level 2.1 Dodging
 - Level 11.3 Shields


You had 14 spell levels left.
You didn't know any spells.
Your spell library was empty.

Dungeon Overview and Level Annotations

Branches:
Dungeon (15/15)            Temple (0/1) D:5            Lair (5/5) D:9
  Swamp (1/4) Lair:2       Spider (0/4) Lair:3        Slime (0/5) Lair:5
    Orc (2/2) D:9             Elf (0/3) Orc:2        Vaults (0/5) D:13
 Depths (0/4) D:15

Altars:
Ashenzari
Cheibriados
Fedhas
Kikubaaqudgha
Uskayaw
Vehumet
Xom
Jiyva

Shops:
D:2 [   D:4 *   D:6 [   D:8 *   D:10 [   D:11 [   D:12 ?   D:13 *   D:14 !
Orc:2 ([?=!

Portals:
Abyss: Lair:4


Innate Abilities, Weirdness & Mutations

You have a pair of horns on your head.
You reflexively headbutt those who attack you in melee.


Message History

The foxfire hits you but does no damage.
The foxfire hits you.
* * * LOW HITPOINT WARNING * * *
Your skin crawls.
You feel strong-willed.
You are engulfed in a cloud of scalding steam.
The alligator bites you.
* * * LOW HITPOINT WARNING * * *
The alligator tail-slaps you.
* * * LOW HITPOINT WARNING * * *
The alligator closely misses you.
The alligator tail-slaps you but does no damage.
The will-o-the-wisp gestures.
The will-o-the-wisp conjures some foxfire!
The alligator bites you but does no damage.
The alligator closely misses you.
The alligator bites you but does no damage.
The alligator tail-slaps you but does no damage. 2 foxfires come into view.
Okay, then.
You feel much better. The foxfire hits you!!
* * * LOW HITPOINT WARNING * * *
The alligator bites you but does no damage.
The alligator closely misses you.
The will-o-the-wisp gestures.
The will-o-the-wisp conjures some foxfire!
The alligator bites you but does no damage.
The alligator tail-slaps you!
* * * LOW HITPOINT WARNING * * *
The foxfire hits you!
* * * LOW HITPOINT WARNING * * *
2 foxfires come into view.
Okay, then.
Your troll goes berserk!
The foxfire hits you!!
* * * LOW HITPOINT WARNING * * *
The foxfire hits you.
* * * LOW HITPOINT WARNING * * *
The alligator barely misses you. The alligator tail-slaps you!
You die...

.≈ ♣.~~.♣ ♣♣~~~~ ♣♣ .≈
♣♣..[♣♣♣.~~.~ ♣.. .
♣♣..~♣.~~~~~ ♣..♣.
♣♣♣♣.~....~.~ ♣...♣
♣♣.♣..~~.~§~.~ .~~~
♣.†♣♣..~†.~~~~~♣.~ ~.....
♣.†...~~.~~...... ~~....
♣♣♣♣♣♣♣..~♣♣.~~~~~~~~
~~..~~♣♣♣..t@.♣♣♣♣♣..♣.~~.~♣~
~~...~.~~.~§§.T.♣♣♣.♣~§~.~~~♣
~.~.....~~..§~..§♣♣.~~.~~~~..
.~~.~......§§.~.♣♣♣.~...~.~.~
~..~.......v§.~.♣ ♣.~~~~~...♣
....♣~~.~.§...♣♣♣♣~~~~~~~.~~
.~.~..♣.~?.§♣...♣.♣~~.§~.[.♣.
.~♣.~..~.~.§....~..~~[~~.~§~.
.~~~..♣.~~~~~.~.~♣~§.~♣.~~.♣


You could see an alligator (swift, ally target), a will-o-the-wisp and a
friendly troll (summoned, berserk).

Vanquished Creatures
  Rupert (D:13)
  Gastronok (D:10)
  An eleionoma (Swamp:1)
  The ghost of Vosoh the Summoner, a journeyman DrHu of Hepliaklqana (Lair:4)
  A minotaur (Lair:3)
  The ghost of glacial86 the Bludgeoner, a journeyman MiBe of Trog (Lair:3)
  A fire dragon (D:15)
  3 hydras
  An ice dragon (D:15)
  3 catoblepae
  4 ogre magi (Orc:2)
  6 centaur warriors
  2 boulder beetles
  2 alligators (Swamp:1)
  An orc high priest (Orc:2)
  6 two-headed ogres
  3 tengu warriors
  Urug (D:13)
  Nergalle (Orc:2)
  A soul eater (Lair:4)
  3 skeletal warriors
  A fire crab (shapeshifter) (D:13)
  A bog body (Swamp:1)
  2 orc knights
  A harpy (shapeshifter) (Lair:4)
  A lindwurm (Lair:5)
  A wolf spider (D:15)
  4 cyclopes
  5 orc sorcerers (Orc:2)
  A worldbinder (Lair:4)
  7 ugly things
  7 manticores
  10 elephants (Lair:5)
  Maurice (Orc:1)
  13 centaur zombies (D:11)
  A gargoyle (D:13)
  6 black mambas
  9 cane toads
  2 unseen horrors (D:11)
  2 torpor snails
  A freezing wraith (D:14)
  4 rime drakes
  An ice devil (Lair:4)
  A kobold demonologist (D:14)
  A komodo dragon (shapeshifter) (D:14)
  7 komodo dragons
  2 tengu conjurers
  4 yaktaurs (D:15)
  2 tyrant leeches (Swamp:1)
  5 polar bears
  6 trolls
  Prince Ribbit (D:6)
  16 blink frogs
  6 hornets
  10 dream sheep
  A raiju (shapeshifter) (D:15)
  A raiju (Lair:4)
  14 slime creatures
  15 spriggans
  4 shadows (D:11)
  3 vampires (D:11)
  9 wraiths
  16 humans
  33 yaks
  3 wyverns
  4 steam dragons
  A redback (Lair:3)
  5 basilisks
  14 vampire mosquitoes
  2 wargs (Orc:1)
  3 swamp worms (Swamp:1)
  2 acid dragons
  16 water moccasins
  20 orc warriors
  An ice beast (D:4)
  8 black bears
  A swamp drake (Swamp:1)
  4 boggarts (Lair:5)
  32 wolves
  13 centaurs
  10 ogres
  5 kobold brigands
  9 bullfrogs
  Blork the orc (D:6)
  4 scorpions
  10 wights
  13 killer bees
  4 howler monkeys
  An electric eel (Lair:2)
  3 hounds
  2 jellies
  A gnoll bouda (D:8)
  12 orc priests
  3 sleepcaps
  2 iguanas
  42 orc wizards
  A boggart zombie (D:11)
  A mummy (D:5)
  4 gnolls (D:3)
  10 adders
  A shadow imp (D:5)
  2 white imps
  3 worms
  A dart slug (D:4)
  82 orcs
  7 endoplasms
  2 giant cockroaches
  14 goblins
  13 hobgoblins
  4 jackals (D:1)
  4 quokkas
  9 ball pythons
  2 bats
  3 frilled lizards (D:1)
  19 kobolds
  4 rats
719 creatures vanquished.

Vanquished Creatures (others)
  A sky beast (D:8)
  10 foxfires (Swamp:1)
  31 fungi
  A lurking horror (Lair:4)
  33 plants
  2 withered plants (D:11)
78 creatures vanquished.

Grand Total: 797 creatures vanquished

Notes
Turn   | Place    | Note
-------+----------+-------------------------------------------
     0 | D:1      | Demonidze the Minotaur Berserker began the quest for the
                  | Orb.
     0 | D:1      | Reached XP level 1. HP: 19/19 MP: 0/0
    92 | D:1      | Reached XP level 2. HP: 27/27 MP: 1/1
   185 | D:1      | Reached skill level 3 in Armour
   366 | D:1      | Reached ** piety under Trog
   601 | D:1      | Reached XP level 3. HP: 27/33 MP: 2/2
   729 | D:2      | Found Qiqeube's Armour Emporium.
  1718 | D:3      | Reached XP level 4. HP: 41/41 MP: 3/3
  1729 | D:3      | Reached skill level 4 in Armour
  1886 | D:3      | Reached *** piety under Trog
  1951 | D:3      | Reached skill level 5 in Axes
  1951 | D:3      | Reached XP level 5. HP: 47/47 MP: 4/4
  1952 | D:3      | Reached skill level 5 in Fighting
  2201 | D:3      | Found a blossoming altar of Fedhas.
  2210 | D:3      | Found a hide-covered altar of Uskayaw.
  2249 | D:3      | Found a shimmering altar of Xom.
  2351 | D:3      | You fall into a shaft and drop 3 floors!
  2386 | D:5      | Entered Level 5 of the Dungeon
  2398 | D:5      | Identified the +1 chain mail of the Grue {Will+ Regen+}
  2410 | D:5      | Noticed a centaur
  2410 | D:5      | Noticed a black bear
  2415 | D:5      | Killed a centaur
  2419 | D:5      | Killed a black bear
  2420 | D:5      | Reached skill level 5 in Armour
  2420 | D:5      | Reached XP level 6. HP: 57/57 MP: 5/5
  2660 | D:4      | Noticed a water moccasin
  2665 | D:4      | Killed a water moccasin
  2666 | D:4      | Reached XP level 7. HP: 64/64 MP: 6/6
  2747 | D:4      | Reached skill level 6 in Armour
  3407 | D:4      | Found Xepsize's Serpentskin Sales.
  3418 | D:4      | Reached XP level 8. HP: 67/73 MP: 7/7
  3554 | D:4      | Reached skill level 7 in Armour
  3723 | D:5      | Noticed an angel
  3789 | D:5      | Found a staircase to the Ecumenical Temple.
  3833 | D:5      | Identified the +11 shortbow "Voesmargh" {freeze, rPois}
  3836 | D:5      | Noticed a rust devil
  4421 | D:6      | Reached skill level 8 in Armour
  4555 | D:6      | Noticed Blork the orc
  4564 | D:6      | Killed Blork the orc
  4627 | D:6      | Found Komoul's Armour Shoppe.
  4666 | D:6      | Reached **** piety under Trog
  4825 | D:6      | Reached XP level 9. HP: 83/83 MP: 8/8
  4834 | D:6      | Noticed Prince Ribbit
  4886 | D:6      | Killed Prince Ribbit
  5221 | D:7      | Reached skill level 9 in Armour
  5558 | D:7      | Reached skill level 10 in Axes
  5569 | D:7      | Reached skill level 10 in Fighting
  5704 | D:7      | Found a snail-covered altar of Cheibriados.
  5874 | D:7      | Found an ancient bone altar of Kikubaaqudgha.
  6250 | D:8      | Reached skill level 10 in Armour
  6280 | D:8      | Noticed a two-headed ogre
  6289 | D:8      | Killed a two-headed ogre
  6290 | D:8      | Reached XP level 10. HP: 94/94 MP: 9/9
  6394 | D:8      | Found Waz Ajasch's Assorted Antiques.
  6807 | D:8      | Reached ***** piety under Trog
  7192 | D:9      | Noticed a manticore
  7214 | D:9      | Noticed a two-headed ogre
  7223 | D:8      | Killed a manticore
  7224 | D:8      | Reached skill level 11 in Armour
  7316 | D:9      | Found a staircase to the Orcish Mines.
  7355 | D:9      | Found a broken altar of Ashenzari.
  7682 | D:9      | Killed a two-headed ogre
  7906 | D:9      | Found a staircase to the Lair.
  7998 | D:10     | Entered Level 10 of the Dungeon
  8032 | D:10     | Reached XP level 11. HP: 104/104 MP: 10/10
  8035 | D:10     | Reached skill level 12 in Armour
  8414 | D:10     | Noticed Gastronok
  8702 | D:10     | Killed Gastronok
  8849 | D:10     | Found Iporrem's Superior Scales.
  9209 | D:11     | Reached skill level 13 in Armour
  9464 | D:11     | Reached XP level 12. HP: 109/116 MP: 11/11
  9738 | D:11     | Reached skill level 14 in Armour
  9986 | D:11     | Found Vaxa's Antique Armour Shoppe.
  9989 | D:11     | Bought a pair of embroidered gloves for 210 gold pieces
 10022 | D:11     | Noticed a tengu warrior
 10032 | D:11     | Killed a tengu warrior
 10215 | D:11     | Noticed a boulder beetle
 10226 | D:11     | Reached skill level 1 in Shields
 10245 | D:11     | Killed a boulder beetle
 10583 | D:12     | Found Buapru's Magic Scroll Boutique.
 10586 | D:12     | Bought a scroll of identify for 24 gold pieces
 10586 | D:12     | Bought a scroll of enchant weapon for 90 gold pieces
 10660 | D:12     | Noticed a two-headed ogre
 10667 | D:12     | Killed a two-headed ogre
 10840 | D:12     | Identified the +1 dagger of Dacev {flame, *Noise Str+5
                  | Dex+4}
 10913 | D:12     | Noticed a two-headed ogre
 10923 | D:12     | Killed a two-headed ogre
 10924 | D:12     | Reached skill level 15 in Fighting
 11448 | D:13     | Noticed a centaur warrior
 11451 | D:13     | Noticed a centaur warrior
 11464 | D:13     | Reached skill level 15 in Axes
 11484 | D:13     | Killed a centaur warrior
 11489 | D:13     | Noticed Urug
 11490 | D:13     | Noticed Rupert
 11493 | D:13     | Killed a centaur warrior
 11494 | D:13     | Reached skill level 15 in Armour
 11548 | D:13     | Noticed a catoblepas
 11633 | D:13     | Found a gate to the Vaults.
 11635 | D:13     | Received a gift from Trog
 11646 | D:13     | Reached XP level 13. HP: 127/127 MP: 12/12
 11683 | D:13     | Reached skill level 5 in Shields
 11692 | D:13     | Killed Urug
 11841 | D:13     | Found Gufeog's Demolitions Depot.
 12032 | D:13     | Killed Rupert
 12893 | D:14     | Found Biciecel's Distillery.
 13541 | D:14     | Reached skill level 16 in Armour
 14146 | D:15     | Entered Level 15 of the Dungeon
 14418 | D:15     | Found a gate leading to a gauntlet.
 15052 | D:15     | Reached XP level 14. HP: 138/138 MP: 13/13
 15489 | D:15     | Found a staircase to the Depths.
 16013 | D:14     | Identified 2 scrolls of acquirement
 16013 | D:14     | Acquired the +4 broad axe of the Pariah {freeze, Str+3}
 16288 | Orc:1    | Entered Level 1 of the Orcish Mines
 16692 | Orc:2    | Entered Level 2 of the Orcish Mines
 17026 | Orc:2    | Found a staircase to the Elven Halls.
 17070 | Orc:2    | Found Dickoluj's Antique Weapon Emporium.
 17189 | Orc:2    | Found Eheterch's Magic Scroll Shop.
 17227 | Orc:2    | Found a radiant altar of Vehumet.
 17236 | Orc:2    | Received a gift from Trog
 17250 | Orc:2    | Noticed Nergalle
 17252 | Orc:2    | Found an ancient bone altar of Kikubaaqudgha.
 17261 | Orc:2    | Killed Nergalle
 17379 | Orc:2    | Found Geukua's Antique Armour Boutique.
 17411 | Orc:2    | Found Egesash's Distillery.
 17411 | Orc:2    | Found Toasyiga's Jewellery Shop.
 17425 | Orc:2    | Reached ****** piety under Trog
 17892 | Orc:1    | Noticed Maurice
 17910 | Orc:1    | Killed Maurice
 18233 | Orc:1    | Reached skill level 17 in Armour
 18712 | Lair:1   | Entered Level 1 of the Lair of Beasts
 18960 | Lair:1   | Reached skill level 10 in Shields
 19644 | Lair:2   | Found a staircase to the Swamp.
 19679 | Lair:2   | Received a gift from Trog
 20631 | Lair:3   | Found a hole to the Spider Nest.
 20881 | Lair:3   | Identified the +6 rapier "Poco Hucejipt" {protect, rPois
                  | Dex+3}
 21026 | Lair:3   | Noticed glacial86's ghost (journeyman MiBe)
 21134 | Lair:3   | Found a runed translucent gate.
 21134 | Lair:3   | Found a runed translucent gate.
 21134 | Lair:3   | Found a runed translucent gate.
 21353 | Lair:3   | Reached XP level 15. HP: 148/148 MP: 14/14
 21426 | Lair:3   | Killed glacial86's ghost
 22013 | Lair:4   | Noticed Vosoh's ghost (journeyman DrHu)
 22054 | Lair:4   | Found a transporter.
 22054 | Lair:4   | Found a one-way gate to the infinite horrors of the Abyss.
 22055 | Lair:4   | Found a transporter.
 22414 | Lair:4   | Received a gift from Trog
 22566 | Lair:4   | Killed Vosoh's ghost
 22740 | Lair:4   | Acquired the +7 executioner's axe "Ugaffano" {antimagic,
                  | rC+ Str+2}
 23165 | Orc:2    | Bought a scroll of acquirement for 832 gold pieces
 23199 | Orc:2    | Acquired a manual of Armour
 23490 | Lair:5   | Entered Level 5 of the Lair of Beasts
 23698 | Lair:5   | Reached skill level 18 in Armour
 24258 | Lair:5   | Received a gift from Trog
 24336 | Lair:5   | Reached skill level 19 in Armour
 24767 | Lair:5   | Found a viscous altar of Jiyva.
 24767 | Lair:5   | Found a staircase to the Slime Pits.
 25393 | Swamp:1  | Entered Level 1 of the Swamp
 26090 | Swamp:1  | HP: 6/151 [will-o-the-wisp/foxfire (23)]
 26090 | Swamp:1  | HP: 2/151 [will-o-the-wisp/foxfire (4)]
 26090 | Swamp:1  | Slain by an alligator

Illustrated notes

Levels and vault maps discovered:
D:1:      eino_arrival_druids_welcome, layout_rooms, serial_bayou_crossing
D:2:      cheibrodos_greedy_goblins, layout_basic, serial_shops, shop,
          serial_curves, eino_curves_01, eino_curves_01, eino_curves_02,
          minmay_tetromino_l4
D:3:      layout_loops_ring, brannock_xom_greatest_gift,
          mainiacjoe_overflow_swirl
D:4:      black_bear_nest_2, layout_rooms, grunt_ministairs_9,
          guppyfry_shop_venom
D:5:      layout_loops_cross, temple_garden, gup_ossuary_entry_pyramid,
          st_stairs_8
D:6:      layout_loops_ring, serial_shops, nicolae_shop_crystal,
          uniq_prince_ribbit1, uniq_blork_the_orc
D:7:      layout_cave_pools, kennysheep_little_box, kennysheep_mini
D:8:      layout_loops_corners, serial_shops, nicolae_stop_n_shop_2,
          minmay_joined_circles
D:9:      layout_small_grid, nicolae_ashenzari_skybound, lair_entry_dummy,
          hiddenorc1_lemuel, small_statue_intersection, minivault_16
D:10:     layout_loops_ring, hellmonk_scale_shop, uniq_gastronok
D:11:     layout_stronghold, serial_undead, serial_undead_d, serial_undead_b,
          serial_undead_a, serial_undead_d, serial_undead_e, serial_shops,
          kennysheep_mini_moat
D:12:     layout_loops_ring, serial_shops, nicolae_stop_n_shop_1
D:13:     layout_rooms, david_vaults_3, nicolae_blasting_shop
D:14:     layout_basic, kennysheep_cluttered_room, serial_shops, shop
D:15:     grunt_enter_depths_hoard, layout_gridville, minivault_24,
          gauntlet_entry_generic
Lair:1:   layout_misc_corridors
Lair:2:   layout_regular_city, minmay_swamp_entry_swarm,
          nicolae_quartered_pool_super, chequers_serial_rivers_large_b
Lair:3:   layout_chaotic_city, spider_nest_entry_webs,
          maelrawn_ghost_gauntlet_escape
Lair:4:   layout_misc_corridors, gammafunk_ghost_abyssal_escape, minivault_11,
          lemuel_fruit_tree
Lair:5:   minmay_lair_end_enchanted_forest, layout_cave_pods,
          dpeg_slime_entry_enclosed, grunt_megastairs_2
Swamp:1:  layout_falls_marsh, nicolae_swamp_godswood
Orc:1:    layout_caves, uniq_maurice
Orc:2:    kennysheep_orc_mage_school, layout_diamond_mine, serial_shops, shop

Skill      XL: |  1  2  3  4  5  6  7  8  9 10 11 12 13 14 15 |
---------------+----------------------------------------------+-----
Axes           | 4 5 6 7 9 10 12 13 15 16 17 18 | 18.8
Fighting       | 4 5 6 7 9 10 12 13 15 16 17 18 | 18.9
Armour         | 3 4 5 6 8 10 11 13 15 16 17 19 | 19.5
Shields        | 4 8 10 11 | 11.3
Dodging        | |  2.1

Action                     |  1- 3 |  4- 6 |  7- 9 | 10-12 | 13-15 || total
---------------------------+-------+-------+-------+-------+-------++-------
  Melee: Hand axe          |   105 |    77 |   201 |       |       ||   383
         Headbutt          |    11 |    10 |    54 |    96 |   237 ||   408
         Punch             |       |       |     5 |     4 |       ||     9
         War axe           |       |       |   101 |   195 |     9 ||   305
         Broad axe         |       |       |       |   271 |   770 ||  1041
         Executioner's axe |       |       |       |       |   213 ||   213
         Battleaxe         |       |       |       |       |    12 ||    12
 Invoke: Berserk           |     3 |     3 |    13 |    18 |    26 ||    63
         Trog's Hand       |       |       |       |       |     1 ||     1
         Brothers in Arms  |       |       |       |       |     1 ||     1
    Use: Scroll            |       |       |     4 |     8 |    20 ||    32
         Potion            |       |       |       |     2 |     3 ||     5
   Stab: Sleeping          |     6 |     3 |     2 |     1 |     2 ||    14
         Distracted        |       |       |       |     1 |     2 ||     3
         Petrified         |       |       |       |     4 |       ||     4
         Petrifying        |       |       |       |     1 |       ||     1
 Armour: Animal skin       |    10 |       |       |       |       ||    10
         Shadow dragon sca |    54 |    44 |   202 |   383 |   549 ||  1232
  Dodge: Dodged            |    46 |    28 |   137 |   187 |   294 ||   692
  Block: Kite shield       |       |       |       |    69 |   342 ||   411

Table legend: (Time is in decaauts)
 A = Elapsed time spent in this place.
 B = Non-inter-level travel time spent in this place.
 C = Inter-level travel time spent in this place.
 D = Time resting spent in this place.
 E = Time spent auto-exploring this place.
 F = Levels seen in this place.
 G = Mean time per level.
                   A        B        C        D        E       F      G
               +--------+--------+--------+--------+--------+-----+--------+
         Total |  26598 |  22179 |   4419 |   5235 |  11596 |  23 | 1156.4 |
       Dungeon |  17220 |  15102 |   2118 |   3872 |   7931 |  15 | 1148.0 |
          Lair |   6170 |   4920 |   1250 |    983 |   2642 |   5 | 1234.0 |
         Swamp |    401 |    396 |      5 |     84 |    155 |   1 |  401.0 |
  Orcish Mines |   2806 |   1761 |   1045 |    295 |    868 |   2 | 1403.0 |
               +--------+--------+--------+--------+--------+-----+--------+

Top non-repeatable levels by time:
   Orc:2: 2025 daAuts
    D:11: 1709 daAuts
    D:15: 1574 daAuts
  Lair:5: 1456 daAuts
    D:14: 1434 daAuts
     D:8: 1408 daAuts
  Lair:2: 1404 daAuts
    D:12: 1397 daAuts
  Lair:4: 1370 daAuts
    D:13: 1249 daAuts
  Lair:3: 1229 daAuts
     D:9: 1201 daAuts
     D:4: 1145 daAuts
     D:2: 1002 daAuts
    D:10: 973 daAuts
